 Dungeon Crawl Stone Soup version 0.28-a0-1613-gdaab1c2f9b (webtiles) character file.

Game seed: 8444582672527796525

954 murtidash the Magician (level 8, -2/50 HPs)
             Began as a Djinni Hedge Wizard on Jan 22, 2022.
             Slain by a centaur warrior zombie (9 damage)
             ... on level 6 of the Dungeon.
             The game lasted 00:09:15 (4765 turns).

murtidash the Magician (Djinni Hedge Wizard)        Turns: 4765, Time: 00:09:16

Health: -2/50      AC:  3    Str: 13    XL:     8   Next: 36%
Gold:   83         EV: 12    Int: 18    God:
                   SH:  0    Dex: 13

rFire   + + .      SeeInvis .   j - +2 whip (elec)
rCold   . . .      Faith    .   (no shield)
rNeg    . . .      Spirit   .   k - +0 leather armour of the Equator {rC+ Will- Regen+ Str+4}
rPois   ∞          Reflect  .   c - +0 hat
rElec   .          Harm     .   (no cloak)
rCorr   .          Rampage  .   (no gloves)
Will    .....                   (boots unavailable)
Stlth   ++........              (no amulet)
HPRegen 0.96/turn               (no ring)
MPRegen 0.00/turn               (no ring)

@: swift, flying, very quick
A: sickness immunity, fire resistance 2, cold vulnerability 1, float, innate
caster, hp casting, extra vitality 1
a: no special abilities


You were on level 6 of the Dungeon.
You visited 1 branch of the dungeon, and saw 6 of its levels.

You collected 153 gold pieces.
You spent 70 gold pieces at shops.

Inventory:

Hand Weapons
 a - a +0 dagger
 j - a +2 whip of electrocution (weapon)
   (You took it off a kobold on level 2 of the Dungeon)
Armour
 b - a +0 robe
 c - a +0 hat (worn)
 k - the +0 leather armour of the Equator (worn) {rC+ Will- Regen+ Str+4}
   (You found it on level 3 of the Dungeon)

   Str:       It affects your strength (+4).
   rC:        It protects you from cold.
   Regen:     It increases your rate of health regeneration.
   Will:      It decreases your willpower.
Wands
 d - a wand of polymorph (10)
   (You took it off Sigmund on level 5 of the Dungeon)
 e - a wand of iceblast (14)
   (You found it on level 5 of the Dungeon)
Scrolls
 f - 2 scrolls of enchant weapon {unknown}
 g - a scroll of vulnerability {unknown}
 h - 2 scrolls of enchant armour
 i - a scroll of holy word {unknown}
 l - a scroll of silence
 o - a scroll of blinking {unknown}
 r - 3 scrolls of teleportation
Potions
 m - a potion of attraction {!q}
 n - a potion of brilliance


   Skills:
 - Level 2.1 Dodging
 - Level 1.5 Stealth
 + Level 7.4 Spellcasting


You had 3 spell levels left.
You knew the following spells:

 Your Spells              Type           Power      Damage    Failure   Level
a - Magic Dart            Conj           100%       1d8       1%          1
b - Blink                 Tloc           66%        N/A       1%          2
c - Mephitic Cloud        Conj/Pois/Air  33%        N/A       1%          3
d - Conjure Flame         Conj/Fire      33%        6-21      1%          3
s - Slow                  Hex            100%       N/A       1%          1
x - Call Imp              Summ           33%        N/A       1%          2
U - Swiftness             Air            33%        N/A       1%          3
X - Ensorcelled Hibernat  Hex/Ice        66%        N/A       1%          2
Z - Sting                 Tmut/Pois      100%       1d8       1%          1
Your spell library was empty.

Dungeon Overview and Level Annotations

Branches:
Dungeon (6/15)
 Temple: D:4-7

Altars:

Shops:
D:1 ?[[[(

Annotations:
D:5 2 transporters, knot's ghost, novice DsBe


Innate Abilities, Weirdness & Mutations

You are immune to sickness and miasma.
You are immune to poison.
Your flesh is very heat resistant. (rF++)
You are vulnerable to cold. (rC-)
You float through the air rather than walking.
You learn spells naturally, not from books.
Your magical power is your life essence.
You have superior vitality. (+4 MHP)


Message History

The magic dart hits the adder.
Aim: an adder (almost dead, 100% to hit)
The magic dart hits the adder!
You kill the adder!
You can't see any susceptible monsters within range! (Use Z to cast anyway.)
You can't see any susceptible monsters within range! (Use Z to cast anyway.)
i - a scroll labelled KEUHUE NOUWUT Health restored: 50 You hear the slow hiss of a very distant avalanche of sand.
An orc comes into view. It is wielding a +0 flail.
Aim: an orc, wielding a +0 flail (100% to hit)
The magic dart hits the orc.
Aim: an orc, wielding a +0 flail (moderately wounded, 100% to hit)
The magic dart hits the orc.
The orc completely misses you.
Aim: an orc, wielding a +0 flail (severely wounded, 100% to hit)
The magic dart hits the orc.
The orc hits you but does no damage.
You take 1 damage, and have 49/50 hp.
Aim: an orc, wielding a +0 flail (almost dead, 100% to hit)
The magic dart hits the orc.
You kill the orc!
You can't see any susceptible monsters within range! (Use Z to cast anyway.)
A sky beast comes into view.
Health restored: 50
Aim: a sky beast (wandering, hasn't noticed you, 100% to hit)
The magic dart hits the sky beast.
Aim: a sky beast (lightly wounded, 100% to hit)
The magic dart hits the sky beast.
You can't see any susceptible monsters within range! (Use Z to cast anyway.)
You can't see any susceptible monsters within range! (Use Z to cast anyway.)
Okay, then.
Unknown command.
The fire begins to smoulder!
You take 2 damage, and have 48/50 hp.
The fire ignites!
You see here a +0 flail.
Aim: a sky beast (moderately wounded, 100% to hit)
The magic dart hits the sky beast.
A centaur warrior zombie comes into view.
Aim: a sky beast (moderately wounded, 100% to hit)
The magic dart hits the sky beast.
Aim: a sky beast (heavily wounded, 100% to hit)
The magic dart hits the sky beast.
The sky beast flickers out of sight!
Deactivating autopickup; reactivate with Ctrl-A.
Aim: a centaur warrior zombie (100% to hit)
The magic dart hits the centaur warrior zombie.
Aim: a centaur warrior zombie (lightly damaged, 100% to hit)
The magic dart hits the centaur warrior zombie.
Aim: a centaur warrior zombie (lightly damaged, 100% to hit)
The magic dart hits the centaur warrior zombie.
Aim: a centaur warrior zombie (lightly damaged, 100% to hit)
The magic dart hits the centaur warrior zombie.
The centaur warrior zombie hits you but does no damage.
The centaur warrior zombie kicks you but does no damage.
Aim: a centaur warrior zombie (moderately damaged, 100% to hit)
The magic dart hits the centaur warrior zombie.
The centaur warrior zombie hits you. The centaur warrior zombie kicks you.
The centaur warrior zombie hits you but does no damage.
The centaur warrior zombie kicks you.
You take 5 damage, and have 44/50 hp.
Aim: a centaur warrior zombie (moderately damaged, 100% to hit)
The magic dart hits the centaur warrior zombie.
The centaur warrior zombie barely misses you.
The centaur warrior zombie misses you.
Aim: a centaur warrior zombie (moderately damaged, 100% to hit)
The magic dart hits the centaur warrior zombie.
The centaur warrior zombie hits you!
The centaur warrior zombie kicks you but does no damage.
You take 9 damage, and have 35/50 hp.
You hit the centaur warrior zombie but do no damage.
The centaur warrior zombie hits you. The centaur warrior zombie kicks you.
The centaur warrior zombie closely misses you.
The centaur warrior zombie kicks you.
You take 3 damage, and have 32/50 hp.
You barely miss the centaur warrior zombie.
The centaur warrior zombie closely misses you.
The centaur warrior zombie completely misses you.
You hit the centaur warrior zombie. The centaur warrior zombie hits you.
The centaur warrior zombie closely misses you.
A sky beast appears from thin air!
Reactivating autopickup.
You hit the centaur warrior zombie.
The centaur warrior zombie closely misses you.
The centaur warrior zombie kicks you. The centaur warrior zombie hits you!
The centaur warrior zombie kicks you.
You take 9 damage, and have 24/50 hp.
You hit the centaur warrior zombie. The centaur warrior zombie hits you.
The centaur warrior zombie barely misses you.
You take 1 damage, and have 23/50 hp.
You hit the centaur warrior zombie. The centaur warrior zombie hits you.
The centaur warrior zombie kicks you. The centaur warrior zombie hits you!
* * * LOW HITPOINT WARNING * * *
The centaur warrior zombie kicks you.
* * * LOW HITPOINT WARNING * * *
You take 14 damage, and have 9/50 hp.
MASSIVE DAMAGE!!
Okay, then.
Unknown command.
You feel quick.
* * * LOW HITPOINT WARNING * * *
The centaur warrior zombie hits you!
You die...

.....##........(....
.............<..........
#.......................
............<...........
............##.###....#.
............#...#.......
...............##.....#.
.....##....###.#......$.
.......##.##.≈Y§@Z...#
...#.........≈###.......
#.........## .......
.........##...# .......
........##...## #.)##..
........##...# ... .
#............. ...#
.....>...#..#.. ##.#
...#............


You could see a sky beast and a centaur warrior zombie.

Vanquished Creatures
  Sigmund (D:5)
  Menkaure (D:5)
  A necrophage (D:5)
  A phantom (D:4)
  3 scorpions
  A howler monkey (D:6)
  A hound (D:5)
  2 jellies
  2 iguanas (D:5)
  A howler monkey zombie (D:6)
  9 adders
  A shadow imp (D:5)
  A white imp (D:5)
  An ufetubus (D:4)
  2 worms
  A dart slug (D:4)
  5 orcs
  4 ball pythons
  3 bats
  2 endoplasms
  A giant cockroach (D:1)
  6 hobgoblins
  8 kobolds
  A quokka (D:2)
  A frilled lizard (D:3)
  5 goblins
  3 rats
68 creatures vanquished.

Notes
Turn   | Place    | Note
-------+----------+-------------------------------------------
     0 | D:1      | murtidash the Djinni Hedge Wizard began the quest for the
                  | Orb.
     0 | D:1      | Reached XP level 1. HP: 15/15 MP: 0/0
     0 | D:1      | Found Botzip's Armour Shop.
    43 | D:1      | Found a faded altar of an unknown god.
   130 | D:1      | Found Ohautouc's Armour Emporium.
   187 | D:1      | Found Icor's Magic Scroll Shop.
   445 | D:1      | Found Vongink's Armour Emporium.
   512 | D:1      | Reached XP level 2. HP: 9/21 MP: 0/0
   849 | D:1      | Found Riphi's Weapon Shop.
  1063 | D:2      | HP: 1/21 [worm (10)]
  1072 | D:2      | Reached skill level 3 in Spellcasting
  1431 | D:2      | Reached XP level 3. HP: 20/25 MP: 0/0
  1431 | D:2      | Learned a level 1 spell: Sting
  2405 | D:3      | Identified the +0 leather armour of the Equator {rC+ Will-
                  | Regen+ Str+4}
  2516 | D:3      | Reached XP level 4. HP: 30/31 MP: 0/0
  2999 | D:4      | Noticed a phantom
  3070 | D:4      | Killed a phantom
  3071 | D:4      | Reached skill level 4 in Spellcasting
  3071 | D:4      | Reached XP level 5. HP: 27/35 MP: 0/0
  3071 | D:4      | Learned a level 2 spell: Ensorcelled Hibernation
  3133 | D:4      | Reached XP level 6. HP: 24/40 MP: 0/0
  3167 | D:4      | Reached skill level 5 in Spellcasting
  3540 | D:1      | Bought a scroll of identify for 20 gold pieces
  3540 | D:1      | Bought a scroll of identify for 20 gold pieces
  3540 | D:1      | Bought a scroll of teleportation for 30 gold pieces
  3619 | D:5      | Entered Level 5 of the Dungeon
  3683 | D:5      | HP: 2/40 [iguana (6)]
  3688 | D:5      | HP: 7/40 [iguana (7)]
  3734 | D:5      | HP: 6/40 [iguana (11)]
  3853 | D:5      | Reached XP level 7. HP: 38/45 MP: 0/0
  3853 | D:5      | Learned a level 3 spell: Swiftness
  3862 | D:5      | Noticed Menkaure
  3872 | D:5      | Killed Menkaure
  3873 | D:5      | Reached skill level 6 in Spellcasting
  3968 | D:5      | Identified the +2 dire flail of World's End {protect, Fly
                  | rF- rCorr Dex+5}
  3969 | D:5      | Noticed knot's ghost (novice DsBe)
  3971 | D:5      | Found a transporter.
  3975 | D:5      | Found a transporter.
  4197 | D:5      | Noticed Sigmund
  4312 | D:5      | Killed Sigmund
  4325 | D:5      | Reached XP level 8. HP: 26/50 MP: 0/0
  4420 | D:5      | Reached skill level 7 in Spellcasting
  4764 | D:6      | HP: 10/50 [centaur warrior zombie (9)]
  4765 | D:6      | Slain by a centaur warrior zombie

Illustrated notes

Levels and vault maps discovered:
D:1:      erik_arrival_blinker_ship, layout_loops_ring,
          ebering_ecumenical_altar_box, serial_shops, shop,
          nicolae_shop_bloodbath_and_beyond, nicolae_shop_statue_plus, shop,
          shop
D:2:      layout_loops_corners, kennysheep_generic_room_9
D:3:      layout_basic, serial_rivers, chequers_serial_rivers_room_b,
          chequers_serial_rivers_micro_e, chequers_serial_rivers_micro_a,
          chequers_serial_rivers_micro_d
D:4:      layout_basic, amethyst_killhole
D:5:      layout_gridville, gammafunk_ghost_smash, uniq_sigmund, uniq_menkaure
D:6:      layout_cave_pools, enter_ossuary_1

Skill      XL: |  1  2  3  4  5  6  7  8 |
---------------+-------------------------+-----
Spellcasting   | 3 4 5 6 7 |  7.4
Dodging        | |  2.1
Stealth        | |  1.5

Action                   |  1- 3 |  4- 6 |  7- 9 || total
-------------------------+-------+-------+-------++-------
Melee: Dagger            |     1 |       |       ||     1
       Whip              |       |     3 |     6 ||     9
 Cast: Magic Dart        |    83 |   117 |    91 ||   291
       Conjure Flame     |       |     2 |     2 ||     4
       Slow              |       |     1 |     1 ||     2
       Call Imp          |       |     1 |       ||     1
       Mephitic Cloud    |       |     6 |     4 ||    10
       Swiftness         |       |       |     1 ||     1
  Use: Potion            |     1 |     2 |     1 ||     4
       Scroll            |       |     6 |     2 ||     8
Armor: Robe              |     1 |       |       ||     1
       Leather armour    |     1 |     9 |     8 ||    18
Dodge: Dodged            |    10 |    24 |    20 ||    54

Table legend: (Time is in decaauts)
 A = Elapsed time spent in this place.
 B = Non-inter-level travel time spent in this place.
 C = Inter-level travel time spent in this place.
 D = Time resting spent in this place.
 E = Time spent auto-exploring this place.
 F = Levels seen in this place.
 G = Mean time per level.
                   A        B        C        D        E       F      G
               +--------+--------+--------+--------+--------+-----+--------+
         Total |   4756 |   4464 |    292 |     21 |   3832 |   6 |  792.7 |
       Dungeon |   4756 |   4464 |    292 |     21 |   3832 |   6 |  792.7 |
               +--------+--------+--------+--------+--------+-----+--------+

Top non-repeatable levels by time:
     D:2: 1139 daAuts
     D:1: 1115 daAuts
     D:5: 983 daAuts
     D:3: 744 daAuts
     D:4: 694 daAuts
     D:6: 80 daAuts

Table legend:
 A = Kills in this place as a percentage of kills in entire the game.
 B = Kills by you in this place as a percentage of kills by you in the entire game.
 C = Kills by friends in this place as a percentage of kills by friends in the entire game.
 D = Other kills in this place as a percentage of other kills in the entire game.
 E = Experience gained in this place as a percentage of experience gained in the entire game.
 F = Experience gained in this place divided by the number of levels of this place that you have seen.
                   A       B       C       D       E      F
               +-------+-------+-------+-------+-------+----------------------
         Total | 100.0 | 100.0 |   N/A |   N/A | 100.0 | 227.2
       Dungeon | 100.0 | 100.0 |   N/A |   N/A | 100.0 | 227.2
               +-------+-------+-------+-------+-------+----------------------
